 Dungeon Crawl Stone Soup version 0.29.1-1-gd02db6906a (webtiles) character file.

Game seed: 10622656512688287196

234 hawla the Firebug (level 6, -2/45 HPs)
             Began as a Meteoran Fire Elementalist on Oct 6, 2022.
             Slain by a gnoll
             ... wielding a +2 vorpal spear
             ... led by a gnoll bouda
              (3 damage)
             ... on level 4 of the Dungeon.
             The game lasted 00:06:53 (1461 turns).

hawla the Firebug (Meteoran Fire Elementalist)      Turns: 1461, Time: 00:06:54

Health: -2/45      AC:  3    Str:  9    XL:     6   Next: 51%
Magic:  13/13      EV: 16    Int: 18    God:
Gold:   176        SH:  0    Dex: 16    Spells: 6/13 levels left

rFire   . . .      SeeInvis .   (no weapon)
rCold   . . .      Faith    .   (no shield)
rNeg    . . .      Spirit   .   a - +1 robe
rPois   .          Reflect  .   (no helmet)
rElec   .          Harm     .   (no cloak)
rCorr   .          Rampage  .   (no gloves)
Will    .....                   (no boots)
Stlth   +.........              (no amulet)
HPRegen 0.15/turn               h - +4 ring of evasion
MPRegen 0.13/turn               (no ring)

@: confused, ambrosia-drunk, glowing
A: sense surroundings 1, otherworldly, glowing, explore regen
a: no special abilities


You were on level 4 of the Dungeon.
You visited 1 branch of the dungeon, and saw 4 of its levels.

You collected 176 gold pieces.

Inventory:

Armour
 a - a +1 robe (worn)
Jewellery
 h - a +4 ring of evasion (left hand)
 p - a ring of protection from cold
Wands
 j - a wand of roots (11)
 m - a wand of mindburst (16)
 n - a wand of flame (39)
Scrolls
 f - 2 scrolls of teleportation
Potions
 b - a potion of magic
 c - a potion of cancellation


   Skills:
 - Level 2.5 Dodging
 - Level 1.4 Stealth
 - Level 4.4 Spellcasting
 * Level 2.9 Conjurations
 + Level 6.3 Fire Magic


You had 6 spell levels left.
You knew the following spells:

 Your Spells              Type           Power      Damage    Failure   Level
a - Foxfire               Conj/Fire      80%        2x1d8     1%          1
b - Scorch                Fire           52%        2d7       1%          2
c - Flame Wave            Conj/Fire      20%        2d7       21%         4

Your spell library contained the following spells:

 Spells                   Type           Power      Damage    Failure   Level
 Conjure Flame            Conj/Fire      20%        6-21      6%          3
 Inner Flame              Hex/Fire       15%        N/A       12%         3


Dungeon Overview and Level Annotations

Branches:
Dungeon (4/15) Zot: 938
 Temple: D:4-7

Altars:

Annotations:
D:3 2 transporters, hikkokomori's ghost, amateur OpEE


Innate Abilities, Weirdness & Mutations

You passively map a small area around you.
You are easily found by Zot.
You glow in the dark.
You regain HP and MP as you explore.


Message History

The flame wave engulfs the gnoll.
The gnoll is moderately wounded.
The flame wave engulfs the gnoll bouda!
The gnoll bouda is burned terribly!
You kill the gnoll bouda! (Press . to intensify the flame waves.)
You feel your willpower return.
The gnoll hits you from afar with a +3 halberd!
* * * LOW HITPOINT WARNING * * *
The gnoll misses you. The gnoll hits you with a +0 club.
* * * LOW HITPOINT WARNING * * *
The gnoll completely misses you.
You are confused.
You feel invigorated. The gnoll barely misses you.
The hound closely misses you.
The gnoll hits you from afar with a +0 spear.
* * * LOW HITPOINT WARNING * * *
The gnoll hits you with a +0 club.
* * * LOW HITPOINT WARNING * * *
The gnoll closely misses you.
You bump into the rock wall.
The hound barely misses you. The gnoll closely misses you.
The gnoll hits you from afar with a +0 spear.
* * * LOW HITPOINT WARNING * * *
The gnoll barely misses you. The hound bites you.
* * * LOW HITPOINT WARNING * * *
The gnoll closely misses you.
You closely miss the hound. The gnoll barely misses you.
The hound closely misses you. The gnoll hits you but does no damage.
The gnoll barely misses you. The gnoll hits you with a +0 club.
* * * LOW HITPOINT WARNING * * *
The gnoll misses you.
Your magical contamination has completely faded away.
You bump into the rock wall.
Your attacks no longer feel as feeble.
The hound bites you but does no damage. The gnoll misses you.
The gnoll hits you from afar with a +0 spear.
* * * LOW HITPOINT WARNING * * *
The gnoll misses you.
The gnoll hits you from afar with a +2 vorpal spear.
You die...

, , * * *
*... , , ..
.... # *
..,...., * *
..* ##.
..... #..
#..,..... ,
.. #.#......
, *
#.##g#g.....
#.<.@hg.....
,
####g#g.....
, * #.#
†.... ## #.#
.... .####
#.#*, ...
....## #.#*
..
###..#####
#.# .
##.....# #.#
,, #####.#
####)##### ,


You could see a hound and 5 gnolls.

Vanquished Creatures
  A jelly (D:3)
  A gnoll bouda (D:4)
  Jessica (D:3)
  Ijyb (D:3)
  Terence (D:3)
  4 adders (D:2)
  A worm (D:2)
  4 dart slugs
  An orc (D:4)
  5 ball pythons
  2 bats
  5 endoplasms
  3 giant cockroaches
  2 goblins
  4 hobgoblins
  4 jackals (D:1)
  5 kobolds
  A frilled lizard (D:2)
  6 rats
52 creatures vanquished.

Vanquished Creatures (others)
  104 foxfires
104 creatures vanquished.

Grand Total: 156 creatures vanquished

Notes
Turn   | Place    | Note
-------+----------+-------------------------------------------
     0 | D:1      | hawla the Meteoran Fire Elementalist began the quest for
                  | the Orb.
     0 | D:1      | Reached XP level 1. HP: 14/14 MP: 5/5
    87 | D:1      | Reached skill level 4 in Fire Magic
    87 | D:1      | Reached XP level 2. HP: 20/20 MP: 2/6
   135 | D:1      | Learned a level 2 spell: Scorch
   230 | D:1      | Reached XP level 3. HP: 22/26 MP: 4/8
   500 | D:1      | Glimpsed the power of Zot.
   630 | D:2      | Reached XP level 4. HP: 33/33 MP: 8/10
   703 | D:2      | Reached skill level 5 in Fire Magic
   879 | D:3      | Noticed Terence
   882 | D:3      | Killed Terence
   883 | D:3      | Reached XP level 5. HP: 30/38 MP: 4/12
   894 | D:3      | Learned a level 4 spell: Flame Wave
   961 | D:3      | Noticed Ijyb
   970 | D:3      | Killed Ijyb
   971 | D:3      | Reached XP level 6. HP: 36/45 MP: 5/13
  1025 | D:3      | Found a transporter.
  1029 | D:3      | Noticed hikkokomori's ghost (amateur OpEE)
  1030 | D:3      | Found a transporter.
  1034 | D:3      | Noticed Jessica
  1039 | D:3      | Killed Jessica
  1072 | D:3      | Reached skill level 6 in Fire Magic
  1459 | D:4      | HP: 2/45 [gnoll/+0 spear[a gnoll bouda] (5)]
  1461 | D:4      | Slain by a gnoll

Illustrated notes

Levels and vault maps discovered:
D:1:      dpeg_arrival_simpleton_b, layout_basic
D:2:      layout_basic, serial_glass, glass_columns_a, glass_columns_b
D:3:      layout_rooms, gammafunk_ghost_mausoleum, grunt_ministairs_8,
          minmay_misc_feat_tower, uniq_terence, uniq_ijyb, uniq_jessica
D:4:      layout_rooms, old_standard_altar, uniq_duvessa

Skill      XL: |  1  2  3  4  5  6 |
---------------+-------------------+-----
Fire Magic     | 4 5 6 |  6.3
Spellcasting   | 3 4 |  4.4
Conjurations   | 2 |  2.9
Dodging        | |  2.5
Stealth        | |  1.4

Action                   |  1- 3 |  4- 6 || total
-------------------------+-------+-------++-------
Melee: Unarmed           |       |     5 ||     5
 Cast: Foxfire           |    33 |    27 ||    60
       Scorch            |     6 |    24 ||    30
       Flame Wave        |       |     1 ||     1
  Use: Scroll            |     1 |     8 ||     9
       Potion            |       |     1 ||     1
Armor: Robe              |       |     2 ||     2
Dodge: Dodged            |     4 |    31 ||    35
